 Dungeon Crawl Stone Soup version 0.22-a0-570-g58866f5 (webtiles) character file.

9123 Defined the Fighter (level 11, -15/95 HPs)
             Began as a Purple Draconian Ice Elementalist on June 30, 2018.
             Was a Priest of Vehumet.
             Demolished by a very large slime creature (51 damage)
             ... on level 11 of the Dungeon.
             The game lasted 00:58:38 (12209 turns).

Defined the Fighter (DrIE)                         Turns: 12209, Time: 00:58:39

Health: -15/95     AC: 10    Str: 11    XL:     11   Next: 18%
Magic:  0/19       EV: 19    Int: 18    God:    Vehumet [***...]
Gold:   511        SH:  5    Dex: 12    Spells: 5/21 levels left

rFire    . . .     SeeInvis .   M - +0 scimitar (holy)
rCold    . . .     Gourm    .   z - +0 buckler
rNeg     . . .     Faith    +   (armour unavailable)
rPois    .         Spirit   .   (helmet restricted)
rElec    .         Reflect  .   h - scarf {cloud immunity}
rCorr    .         Harm     .   D - +0 pair of gloves
MR       +....                  m - +1 pair of boots
Stlth    ++........             i - amulet of faith
HPRegen  0.25/turn              p - +5 ring of evasion
MPRegen  0.16/turn              (no ring)

@: no status effects
A: breathe power, unfitting armour, cold-blooded, AC +7
a: Breathe Dispelling Energy, Renounce Religion


You were on level 11 of the Dungeon.
You worshipped Vehumet.
Vehumet was most pleased with you.
You were not hungry.

You visited 2 branches of the dungeon, and saw 12 of its levels.

You collected 553 gold pieces.
You spent 42 gold pieces at shops.

Inventory:

Hand Weapons
 k - a +4 demon trident
 B - a +2 whip of electrocution
 M - a +0 scimitar of holy wrath (weapon)
Armour
 h - a scarf of cloud immunity (worn)
 m - a +1 pair of boots (worn)
 z - a +0 buckler (worn)
 D - a +0 pair of gloves (worn)
Magical Staves
 y - an uncursed staff of death {unknown}
 E - an uncursed staff of air
Jewellery
 e - a +3 amulet of reflection {unknown}
 i - an amulet of faith (around neck)
 p - a +5 ring of evasion (left hand)
Wands
 d - a wand of clouds (2)
 r - a wand of random effects (8)
 t - a wand of digging (28)
 u - a wand of flame (28)
 v - a wand of iceblast (7)
 x - a wand of enslavement (33)
 G - a wand of paralysis (7)
Scrolls
 a - 2 scrolls of fog
 j - a scroll of amnesia
 l - 3 scrolls of immolation
 o - 8 scrolls of remove curse
 C - 3 scrolls of teleportation
 I - a scroll of magic mapping
 L - 4 scrolls of identify
Potions
 f - 2 potions of agility
 g - 2 potions of might
 n - 2 potions of curing {unknown}
 q - a potion of resistance {unknown}
 s - 2 potions of cancellation {unknown}
 w - a potion of mutation
 A - 4 potions of degeneration
 F - a potion of haste {unknown}
 H - a potion of flight {unknown}
 J - a potion of ambrosia {unknown}
Comestibles
 b - 12 rations


   Skills:
 - Level 8.8 Fighting
 + Level 5.2 Dodging
 - Level 1.7 Stealth
 - Level 4.2 Shields
 - Level 5.8 Spellcasting
 - Level 8.5 Conjurations
   Level 4.1 Charms
 - Level 3.8 Summonings
 * Level 7.9 Ice Magic
 + Level 3.3 Air Magic


You had 5 spell levels left.
You knew the following spells:

 Your Spells              Type           Power        Failure   Level  Hunger
a - Throw Frost           Conj/Ice       ####..       1%          2    None
b - Freeze                Ice            ####         1%          1    None
c - Throw Icicle          Conj/Ice       ####....     1%          4    ####...
e - Summon Ice Beast      Ice/Summ       ####....     11%         4    ####...
f - Conjure Flame         Conj/Fire      ###.....     1%          3    ##.....
g - Poisonous Vapours     Pois/Air       ##....       10%         2    None

Your spell library contained the following spells:

 Spells                   Type           Power        Failure   Level  Hunger
 Bolt of Magma            Conj/Fire/Erth ###.......   26%         5    #####..
 Confuse                  Hex            #.......     36%         3    ##.....
 Freezing Cloud           Conj/Ice/Air   ####......   30%         6    #######
 Mephitic Cloud           Conj/Pois/Air  ###.....     2%          3    ##.....
 Ring of Flames           Chrm/Fire      ##........   100%        7    #######
 Venom Bolt               Conj/Pois      ###.......   16%         5    #####..
 Ozocubu's Armour         Chrm/Ice       ####....     3%          3    ##.....
 Iron Shot                Conj/Erth      ###.......   58%         6    #######
 Confusing Touch          Hex            #.....       12%         1    None
 Metabolic Englaciation   Hex/Ice        ###.......   54%         5    #####..
 Petrify                  Tmut/Erth      #.......     77%         4    ####...
 Orb of Destruction       Conj           #####.....   58%         7    #######
 Iskenderun's Battlesphe  Conj/Chrm      ####....     7%          5    #####..
 Spellforged Servitor     Conj/Summ      ####......   87%         7    #######
 Gell's Gravitas          Tloc           #.........   36%         3    ##.....
 Yara's Violent Unravell  Hex/Tmut       #.........   61%         5    #####..


Dungeon Overview and Level Annotations

Branches:
Dungeon (11/15)            Temple (1/1) D:5            Lair (0/6) D:9
    Orc (0/2) D:11

Altars:
Ashenzari
Cheibriados
Dithmenos
Elyvilon
Fedhas
Gozag
Hepliaklqana
Kikubaaqudgha
Makhleb
Nemelex Xobeh
Okawaru
Qazlal
Ru
Sif Muna
Trog
Uskayaw
Vehumet
Wu Jian
Xom
Yredelemnul
Zin
The Shining One

Shops:
D:4 ?(   D:8 =

Annotations:
D:4 1 exclusion
D:7 1 runed door, Hebeh's ghost, novice MiFi


Innate Abilities, Weirdness & Mutations

You can breathe bolts of dispelling energy.
Your rich purple scales are hard. (AC +7)
You cannot fit into any form of body armour.
You are cold-blooded and may be slowed by cold attacks.


Message History

You swap places.
The very large slime creature barely misses your ice beast.
Your ice beast barely misses the very large slime creature.
Your ice beast hits the very large slime creature.
Your ice beast freezes the very large slime creature.
The very large slime creature hits your ice beast!!!
Your ice beast dies!
Your ice beast hits the very large slime creature.
Your ice beast freezes the very large slime creature!
Casting: Summon Ice Beast (safe; 11% risk of failure)
Confirm with . or Enter, or press ? or * to list all spells.
Aiming: Conjure Flame (safe; 1% risk of failure)
Press: ? - help, Dir - move target cursor, p - very large slime creature The fire ignites!
You hit the very large slime creature but do no damage.
The very large slime creature is moderately wounded.
The very large slime creature is engulfed in blazing flames.
The very large slime creature hits you!!!
Ouch! That really hurt!
You die...

**,***,,,,,**,,,,,**,
*,,,,,,,,,,**,*,,,,+,
######*******,******,
#....# *,* *, ##.#.#
*,* ** #.#.# *,*
#.#.# **+** #.#.#
*,,,****** #.#@#
*,,,,,,,,, #.#J#
*,,,****** #.#Y#
***** #.#.# #.#.#
#.#.# #.#.# #.#.#
#.#.#


You could see a very large slime creature and a friendly ice beast.

Vanquished Creatures
  Josephine (D:10)
  2 two-headed ogres
  Urug (D:10)
  Joseph (D:7)
  2 hippogriffs
  A human (D:8)
  3 wraiths (D:10)
  9 yaks (D:9)
  A hungry ghost (D:10)
  Menkaure (D:5)
  3 porcupines (D:9)
  A water moccasin (D:8)
  A sky beast (D:5)
  An ice beast (D:10)
  2 ogres
  2 centaurs
  4 crocodiles (D:9)
  9 bullfrogs
  3 howler monkeys (D:7)
  A centaur zombie (D:6)
  8 crimson imps
  3 jellies
  2 gnoll shamans
  2 hounds
  3 bullfrog zombies
  An orc priest (D:7)
  4 bullfrog skeletons
  4 orc wizards
  2 centaur skeletons
  Ijyb (D:5)
  4 iguanas
  8 worker ants
  A killer bee zombie (D:5)
  2 hound skeletons
  2 worker ant zombies
  8 gnolls
  7 adders
  2 shadow imps
  An ooze (D:1)
  2 adder zombies
  5 worms
  An adder skeleton (D:4)
  2 dart slugs
  8 leopard geckos
  30 orcs
  9 giant cockroaches
  6 goblins
  8 hobgoblins
  4 jackals
  5 quokkas
  A ball python (D:4)
  5 bats
  4 frilled lizards
  5 kobolds
  A quokka zombie (D:5)
  11 rats
221 creatures vanquished.

Vanquished Creatures (collateral kills)
  2 wraiths (D:10)
  A yak (D:9)
3 creatures vanquished.

Vanquished Creatures (others)
  A fungus (D:9)
1 creature vanquished.

Grand Total: 225 creatures vanquished

Notes
Turn   | Place    | Note
-------+----------+-------------------------------------------
     0 | D:1      | Defined the Draconian Ice Elementalist began the quest for the Orb.
     0 | D:1      | Reached XP level 1. HP: 14/14 MP: 3/3
   183 | D:1      | Reached XP level 2. HP: 19/20 MP: 0/5
   187 | D:1      | Learned a level 2 spell: Throw Frost
   866 | D:1      | Reached XP level 3. HP: 26/26 MP: 4/6
  2255 | D:3      | Reached XP level 4. HP: 19/33 MP: 0/8
  3195 | D:3      | Learned a level 4 spell: Throw Icicle
  3204 | D:3      | Found a blossoming altar of Fedhas.
  3596 | D:4      | Found Voafutir's Antique Weapon Emporium.
  3649 | D:4      | Reached XP level 5. HP: 38/38 MP: 0/9
  3669 | D:4      | Found a shimmering altar of Xom.
  3887 | D:4      | Reached XP level 6. HP: 24/45 MP: 7/11
  4096 | D:4      | Reached skill level 5 in Ice Magic
  4127 | D:4      | Noticed a moth of wrath
  4130 | D:4      | Found a bloodstained altar of Trog.
  4381 | D:4      | Found Zaikoj's Magic Scroll Emporium.
  4386 | D:4      | Bought a scroll of remove curse for 42 gold pieces
  4705 | D:5      | Entered Level 5 of the Dungeon
  4716 | D:5      | Noticed a sky beast
  4738 | D:5      | Killed a sky beast
  4738 | D:5      | Reached skill level 1 in Fighting
  4740 | D:5      | Your scales start taking on a rich purple colour.
  4740 | D:5      | Reached skill level 5 in Spellcasting
  4740 | D:5      | Reached XP level 7. HP: 26/52 MP: 1/14
  4741 | D:5      | Noticed Menkaure
  4755 | D:5      | Killed Menkaure
  4941 | D:5      | Noticed Ijyb
  4943 | D:5      | Found an opulent altar of Gozag.
  4957 | D:5      | Killed Ijyb
  5055 | D:5      | Found a staircase to the Ecumenical Temple.
  5061 | Temple   | Entered the Ecumenical Temple
  5152 | Temple   | Became a worshipper of Vehumet
  5870 | D:5      | Found a snail-covered altar of Cheibriados.
  5877 | D:5      | Found a deep blue altar of Sif Muna.
  6049 | D:6      | Reached XP level 8. HP: 62/66 MP: 1/16
  6124 | D:6      | Reached skill level 1 in Shields
  6162 | D:6      | Reached * piety under Vehumet
  6162 | D:6      | Offered knowledge of Magic Dart by Vehumet.
  6395 | D:6      | Found a white marble altar of Elyvilon.
  6629 | D:7      | Reached skill level 5 in Conjurations
  6708 | D:7      | Reached skill level 5 in Fighting
  6919 | D:7      | Noticed a hippogriff
  6927 | D:7      | Killed a hippogriff
  7014 | D:7      | Reached XP level 9. HP: 66/75 MP: 2/17
  7024 | D:7      | Noticed Joseph
  7038 | D:7      | Offered knowledge of Sting by Vehumet.
  7249 | D:7      | Killed Joseph
  7636 | D:7      | Found a runed door.
  7637 | D:7      | Noticed Hebeh's ghost (novice MiFi)
  7771 | D:7      | Reached ** piety under Vehumet
  8248 | D:8      | Noticed a two-headed ogre
  8254 | D:8      | Killed a two-headed ogre
  8342 | D:8      | Upgraded the game from 0.22-a0-567-gff9aefc to 0.22-a0-570-g58866f5
  8481 | D:8      | Learned a level 3 spell: Ozocubu's Armour
  8486 | D:8      | Learned a level 4 spell: Summon Ice Beast
  8580 | D:8      | Found a glowing golden altar of the Shining One.
  8663 | D:8      | Found Kacuvowu's Jewellery Shop.
  8799 | D:8      | Reached XP level 10. HP: 81/90 MP: 12/18
  8864 | D:9      | Reached skill level 1 in Charms
  8864 | D:9      | Reached skill level 1 in Summonings
  9371 | D:9      | Offered knowledge of Throw Flame by Vehumet.
  9376 | D:9      | Learned a level 3 spell: Conjure Flame
  9545 | D:9      | Found a staircase to the Lair.
  9691 | D:9      | Found a hazy altar of Hepliaklqana.
  9827 | D:9      | Reached *** piety under Vehumet
 10229 | D:9      | Learned a level 2 spell: Poisonous Vapours
 10255 | D:9      | Noticed a two-headed ogre
 10286 | D:9      | Killed a two-headed ogre
 10286 | D:9      | Reached skill level 1 in Air Magic
 10497 | D:9      | Found a stormy altar of Qazlal.
 10720 | D:10     | Entered Level 10 of the Dungeon
 10882 | D:10     | Noticed Josephine
 10900 | D:10     | Killed Josephine
 10901 | D:10     | Reached XP level 11. HP: 79/95 MP: 5/19
 10954 | D:10     | Offered knowledge of Dazzling Spray by Vehumet.
 10962 | D:10     | Reached skill level 5 in Dodging
 11623 | D:10     | Noticed Urug
 11647 | D:10     | Killed Urug
 12209 | D:11     | Demolished by a very large slime creature

Vault maps used:
D:1:      onia_arrival_larder
D:2:      minmay_stone_trees_small
D:3:      lemuel_round_altar, first_ration
D:4:      led_xom_imps, serial_shops, shop, nicolae_shop_trees, tgw_trog
D:5:      grunt_gozag_breadcrumbs, minitemple, minmay_temple_entry_fiery,
          minmay_misc_feat_alley, minmay_misc_feat_rows, uniq_menkaure,
          uniq_ijyb
D:6:      lemuel_round_altar
D:7:      gammafunk_ghost_grave, uniq_joseph
D:8:      tso_oasis_becter, serial_shops, kennysheep_little_box, grunt_pizzeria
D:9:      old_standard_altar, minmay_lair_entry_grove, basic_altar
D:10:     uniq_josephine, uniq_urug
D:11:     orc_0_dummy, lab_entry_generic, uniq_erolcha
Temple:   nicolae_temple_great_sept

Skill      XL: |  1  2  3  4  5  6  7  8  9 10 11 |
---------------+----------------------------------+-----
Ice Magic      | 4 5 7 |  7.9
Spellcasting   | 3 5 |  5.8
Conjurations   | 2 3 4 6 8 |  8.5
Fighting       | 1 4 6 8 |  8.8
Shields        | 4 |  4.2
Dodging        | 2 4 5 |  5.2
Charms         | 4 |  4.1
Summonings     | 3 |  3.8
Air Magic      | 2 3 |  3.3
Stealth        | |  1.7

Action                   |  1- 3 |  4- 6 |  7- 9 | 10-12 || total
-------------------------+-------+-------+-------+-------++-------
Melee: Unarmed           |     6 |       |       |       ||     6
       Dagger            |    54 |       |       |       ||    54
       Tailslap          |     7 |    12 |    15 |    13 ||    47
       Glaive            |    34 |   102 |    50 |       ||   186
       Mace              |       |       |    94 |    71 ||   165
       Whip              |       |       |     6 |    35 ||    41
       Staff             |       |       |       |    58 ||    58
       Scimitar          |       |       |       |    19 ||    19
 Cast: Freeze            |    40 |    48 |   118 |    59 ||   265
       Throw Frost       |    27 |    43 |    75 |    22 ||   167
       Throw Icicle      |       |       |    10 |     7 ||    17
       Summon Ice Beast  |       |       |       |    13 ||    13
       Conjure Flame     |       |       |       |     7 ||     7
       Ozocubu's Armour  |       |       |       |     3 ||     3
 Abil: Breathe Dispellin |       |       |     3 |     1 ||     4
Evoke: Wand              |       |     7 |     7 |     5 ||    19
  Use: Scroll            |       |     9 |     7 |     9 ||    25
       Potion            |       |       |       |     9 ||     9
 Stab: Sleeping          |     2 |     2 |     1 |     1 ||     6
       Paralysed         |       |       |       |     4 ||     4
  Eat: Chunk             |     6 |    10 |    16 |     9 ||    41
       Ration            |       |       |       |     2 ||     2
Armor: Skin              |    31 |    51 |    78 |   128 ||   288
Dodge: Dodged            |    77 |   114 |   292 |   192 ||   675
Block: Buckler           |       |       |    48 |    78 ||   126
       Rpst.: Scimitar   |       |       |       |     6 ||     6

Table legend:
 A = Spawn XP
 B = Non-spawn XP
 C = Spawn XP percentage of total XP
 D = Spawn monster count
 E = Non-spawn monster count
 F = Spawn count percentage of total count
 G = Total turns spent on level
                    A         B        C        D         E        F      G
               +---------+---------+-------+---------+---------+-------+---------
         Total |       0 |   13033 |   0.0 |       0 |     224 |   0.0 | 12209
               +---------+---------+-------+---------+---------+-------+---------
           D:1 |       0 |      45 |   0.0 |       0 |      23 |   0.0 |  1003
           D:2 |       0 |      41 |   0.0 |       0 |      16 |   0.0 |  1087
           D:3 |       0 |     103 |   0.0 |       0 |      30 |   0.0 |  1482
           D:4 |       0 |     385 |   0.0 |       0 |      20 |   0.0 |  1133
           D:5 |       0 |     761 |   0.0 |       0 |      26 |   0.0 |  1182
           D:6 |       0 |     572 |   0.0 |       0 |      19 |   0.0 |   612
           D:7 |       0 |    2174 |   0.0 |       0 |      30 |   0.0 |  1465
           D:8 |       0 |    1626 |   0.0 |       0 |      17 |   0.0 |   769
           D:9 |       0 |    3861 |   0.0 |       0 |      27 |   0.0 |  1882
          D:10 |       0 |    3419 |   0.0 |       0 |      15 |   0.0 |  1368
          D:11 |       0 |      46 |   0.0 |       0 |       1 |   0.0 |   121
               +---------+---------+-------+---------+---------+-------+---------
